 Dungeon Crawl Stone Soup version 0.29.1-12-g30fa7ad0bf (webtiles) character file.

Game seed: 8812689863098272120

750 cheesebisquit the Cleaver (level 7, -4/87 HPs)
             Began as a Minotaur Berserker on Dec 14, 2022.
             Was a Believer of Trog.
             Slain by a gnoll
             ... wielding a +0 flail
             ... led by a gnoll bouda
              (10 damage)
             ... on level 4 of the Dungeon.
             The game lasted 00:12:30 (3328 turns).

cheesebisquit the Cleaver (Minotaur Berserker)      Turns: 3328, Time: 00:12:30

Health: -4/87      AC:  9    Str: 24    XL:     7   Next: 48%
Magic:  6/6        EV:  7    Int:  4    God:    Trog [**....]
Gold:   155        SH: 13    Dex:  9    Spells: 6/6 levels left

rFire   . . .      SeeInvis .   a - +0 hand axe
rCold   . . .      Faith    .   t - +0 tower shield
rNeg    . . .      Spirit   .   B - +0 scale mail
rPois   .          Reflect  .   u - +1 hat
rElec   .          Harm     .   l - +0 cloak
rCorr   .          Rampage  .   q - +0 pair of gloves
Will    ++...                   (no boots)
Stlth   ..........              (no amulet)
HPRegen 1.24/turn               (no ring)
MPRegen 0.10/turn               (no ring)

@: berserking, lethally poisoned (-4 -> -4), strong-willed, regenerating, very
quick
A: horns 2, retaliatory headbutt
a: Renounce Religion, Berserk, Trog's Hand


You were on level 4 of the Dungeon.
You worshipped Trog.
Trog was pleased with you.
You visited 1 branch of the dungeon, and saw 4 of its levels.

You collected 200 gold pieces.
You spent 45 gold pieces at shops.

Inventory:

Hand Weapons
 a - a +0 hand axe (weapon)
 y - a +0 club
Missiles
 g - 2 atropa-tipped darts (quivered)
 i - 20 stones
Armour
 b - a +0 animal skin
 h - a +0 ring mail
 l - a +0 cloak (worn)
 q - a +0 pair of gloves (worn)
 t - a +0 tower shield (worn)
 u - a +1 hat (worn)
 B - a +0 scale mail (worn)
Scrolls
 c - 2 scrolls of fear {unknown}
 d - a scroll of fog {unknown}
 f - a scroll of silence {unknown}
 k - 5 scrolls of identify {unknown}
 p - a scroll of enchant weapon {unknown}
 r - a scroll of immolation {unknown}
 v - a scroll of blinking {unknown}
 w - a scroll of teleportation {unknown}
Potions
 e - a potion of haste {unknown}
 j - a potion of degeneration {unknown}
 m - a potion of attraction {unknown}
 n - 2 potions of heal wounds {unknown}
 o - 2 potions of curing {unknown}
 s - 3 potions of lignification {unknown}
 x - a potion of magic {unknown}
 z - a potion of might {unknown}
 A - a potion of mutation {unknown}


   Skills:
 - Level 3.8 Fighting
 + Level 8.3 Axes
 - Level 2.6 Armour
 - Level 2.4 Dodging
 + Level 6.1 Shields


You had 6 spell levels left.
You didn't know any spells.
Your spell library was empty.

Dungeon Overview and Level Annotations

Branches:
Dungeon (4/15)             Temple (0/1) D:4

Altars:
Hepliaklqana
Trog
Xom

Shops:
D:2 !**


Innate Abilities, Weirdness & Mutations

You have a pair of horns on your head.
You reflexively headbutt those who attack you in melee.


Message History

You block the killer bee's attack. x2; You block the gnoll bouda's attack.
You block the gnoll's attack. x2
A red film seems to cover your vision as you go berserk!
You feel yourself moving faster!
You feel mighty!
You feel sick. You block the killer bee's attack. x2
The gnoll bouda hits you with a +0 club.
* * * LOW HITPOINT WARNING * * *
An orc wizard comes into view. It is wielding a +0 dagger.
The gnoll hits you from afar with a +0 spear.
* * * LOW HITPOINT WARNING * * *
You block the gnoll's attack.
You slash the gnoll bouda! You headbutt the gnoll bouda.
You kill the gnoll bouda!
Trog accepts your kill.
You miss the killer bee.
You feel sick.
The killer bee stings you but does no damage. x2
The gnoll barely misses you.
The gnoll hits you from afar with a +0 spear.
* * * LOW HITPOINT WARNING * * *
Your Shields skill increases to level 6!
You slice the killer bee!!
You kill the killer bee!
Trog accepts your kill.
You feel sick.
The gnoll is no longer moving quickly.
You block the gnoll's attack. The gnoll closely misses you.
An orc comes into view. It is wielding a +0 dagger.
You slash the endoplasm!
You kill the endoplasm!
Trog accepts your kill.
You feel sick. You block the gnoll's attack.
You slash the orc!
You kill the orc!
Trog accepts your kill.
You feel sick. You block the gnoll's attack.
You feel sick. The gnoll hits you with a +0 spear.
* * * LOW HITPOINT WARNING * * *
The gnoll hits you with a +0 spear.
* * * LOW HITPOINT WARNING * * *
The gnoll hits you with a +0 flail!
You die...

...# #######.##.##
######... ...#
#...........# #... ##.#
............### #.#.
... ..#####.......#
#... ## #.......# #..#.
#####.......#### #....
............<........#.
#####).o.##########...
#@##.# #.#.
......ggggo.... .....
.####.#o.....## #..#.
#...##..#.# .... .
.....###.. .## ###.##
#. ## #. . #. .#


You could see an orc wizard, 4 gnolls and 2 orcs.

Vanquished Creatures
  Grinder (D:3)
  Sigmund (D:2)
  A killer bee (D:4)
  A hound (D:4)
  A gnoll bouda (D:4)
  Crazy Yiuf (D:3)
  2 iguanas (D:4)
  7 adders
  5 gnolls (D:4)
  A worm (D:3)
  2 dart slugs
  3 orcs (D:4)
  5 endoplasms
  6 giant cockroaches
  4 goblins
  8 hobgoblins
  4 quokkas
  6 ball pythons
  7 bats
  2 frilled lizards (D:1)
  9 kobolds
  5 rats
82 creatures vanquished.

Notes
Turn   | Place    | Note
-------+----------+-------------------------------------------
     0 | D:1      | cheesebisquit the Minotaur Berserker began the quest for
                  | the Orb.
     0 | D:1      | Reached XP level 1. HP: 19/19 MP: 0/0
   281 | D:1      | Reached XP level 2. HP: 27/27 MP: 1/1
   373 | D:1      | Reached skill level 4 in Axes
  1021 | D:2      | Reached XP level 3. HP: 30/33 MP: 2/2
  1155 | D:2      | Found Fodohero's Distillery.
  1171 | D:2      | Found Ucrem's General Store.
  1192 | D:2      | Reached skill level 5 in Axes
  1267 | D:2      | Bought a +0 pair of gloves for 45 gold pieces
  1339 | D:2      | Found Huogut's General Store.
  1373 | D:2      | Found a faded altar of an unknown god.
  1546 | D:2      | Reached ** piety under Trog
  1555 | D:2      | Noticed Sigmund
  1565 | D:2      | Killed Sigmund
  1566 | D:2      | Reached skill level 6 in Axes
  1566 | D:2      | Reached XP level 4. HP: 40/40 MP: 3/3
  1566 | D:2      | Reached XP level 5. HP: 46/46 MP: 4/4
  1715 | D:3      | Noticed Grinder
  1723 | D:3      | Killed Grinder
  1724 | D:3      | Reached skill level 7 in Axes
  1724 | D:3      | Reached XP level 6. HP: 46/52 MP: 5/5
  1950 | D:3      | Found a shimmering altar of Xom.
  1951 | D:3      | Found a hazy altar of Hepliaklqana.
  1954 | D:3      | Noticed a spectral ugly thing
  2191 | D:3      | Reached skill level 5 in Shields
  2393 | D:3      | Found a runed translucent door.
  2394 | D:3      | Noticed Crazy Yiuf
  2467 | D:3      | Found a bloodstained altar of Trog.
  2699 | D:3      | Killed Crazy Yiuf
  2762 | D:4      | Reached XP level 7. HP: 58/58 MP: 6/6
  2777 | D:4      | Found a staircase to the Ecumenical Temple.
  3231 | D:4      | Reached skill level 8 in Axes
  3328 | D:4      | Slain by a gnoll

Illustrated notes

Levels and vault maps discovered:
D:1:      dpeg_arrival_more_subterranean_lakeside_camping, layout_loops_ring
D:2:      layout_basic, serial_shops, shop, shop, shop,
          chequers_ecumenical_altar_simple_redux, uniq_sigmund
D:3:      layout_loops_ring, trog_three_pillars_becter,
          regret_index_temple_of_mockery, kennysheep_cross_bottleneck,
          minmay_misc_feat_cross, lightli_corner_chamber,
          uniq_crazy_yiuf_cottage, uniq_grinder
D:4:      layout_loops_ring, minmay_temple_entry_glass

Skill      XL: |  1  2  3  4  5  6  7 |
---------------+----------------------+-----
Axes           | 4 6 7 8 |  8.3
Shields        | 3 4 5 6 |  6.1
Fighting       | |  3.8
Armour         | |  2.6
Dodging        | |  2.4

Action                   |  1- 3 |  4- 6 |  7- 9 || total
-------------------------+-------+-------+-------++-------
Melee: Hand axe          |    70 |    75 |    47 ||   192
       Headbutt          |    14 |     4 |     9 ||    27
Invok: Berserk           |     1 |     2 |     2 ||     5
       Trog's Hand       |       |     2 |     2 ||     4
Armor: Animal skin       |     4 |       |       ||     4
       Ring mail         |    14 |    31 |     9 ||    54
       Scale mail        |       |       |     9 ||     9
Dodge: Dodged            |    41 |    19 |    13 ||    73
Block: Tower shield      |     2 |    54 |    66 ||   122
